[ AOE2 MATCH · #504545570 ]
UnrankedHindustanis vs Ethiopians
Player's team · LOSS
[ REPLAY ANALYSIS · EXTRACTED FROM THE RECORDED GAME ]
Feudal
11:22
Castle
24:49
Imperial
—
| APM avg | 68.4 |
| APM peak | 115 |
| eAPM avg | 23.2 |
| Villagers / military | 130 / 147 |
Focus
⚔️ 36.7% · 🌾 63.3%
Ghulam ×68 · Skirmisher ×30 · Scorpion ×23 · Militia ×16 · Archer ×5 · Armored Elephant ×3
Feudal
10:17
Castle
22:48
Imperial
38:06
| APM avg | 56.9 |
| APM peak | 110 |
| eAPM avg | 21.3 |
| Villagers / military | 141 / 148 |
Focus
⚔️ 39.8% · 🌾 60.2%
Archer ×142 · Monk ×5 · Spearman ×1
Match map
Initial resources + every placement click. Lines = walls · curves = elevation contours. ◆ gold · ⬟ stone · ● berries · ✦ relic · ◌ wall gap
Your base· Open — 1t gap
a.salyers231's base· Open — 3t gap
Smoothed initial terrain · ◌ = detected wall gap · hover for details
Inputs per minute
— Sp Bro - - a.salyers231
Build order — Sp Bro
First 150 of 397 actions detected
| 0:01 | Queue | Villager (Male) |
| 0:02 | Build | House |
| 0:04 | Build | House |
| 0:18 | Queue | Villager (Male) |
| 0:18 | Queue | Villager (Male) |
| 0:18 | Queue | Villager (Male) |
| 1:04 | Queue | Villager (Male) |
| 1:04 | Queue | Villager (Male) |
| 1:28 | Queue | Villager (Male) |
| 1:28 | Queue | Villager (Male) |
| 1:29 | Queue | Villager (Male) |
| 1:49 | Build | Lumber Camp |
| 1:58 | Queue | Villager (Male) |
| 1:58 | Queue | Villager (Male) |
| 2:30 | Queue | Villager (Male) |
| 2:30 | Queue | Villager (Male) |
| 3:34 | Queue | Villager (Male) |
| 3:34 | Queue | Villager (Male) |
| 3:39 | Build | House |
| 4:11 | Queue | Villager (Male) |
| 4:11 | Queue | Villager (Male) |
| 4:40 | Queue | Villager (Male) |
| 4:45 | Build | Barracks |
| 5:06 | Queue | Villager (Male) |
| 5:23 | Build | House |
| 5:37 | Queue | Militia |
| 5:40 | Queue | Militia |
| 5:40 | Queue | Militia |
| 5:44 | Queue | Villager (Male) |
| 6:00 | Build | Mining Camp |
| 6:06 | Queue | Militia |
| 6:27 | Queue | Villager (Male) |
| 6:48 | Queue | Villager (Male) |
| 7:02 | Queue | Villager (Male) |
| 7:17 | Build | Palisade Wall |
| 7:19 | Build | Palisade Wall |
| 7:39 | Queue | Villager (Male) |
| 7:39 | Queue | Villager (Male) |
| 7:46 | Queue | Villager (Male) |
| 7:46 | Queue | Villager (Male) |
| 7:49 | Build | House |
| 7:50 | Build | House |
| 8:24 | Research | Loom |
| 9:12 | Research | Feudal Age |
| 10:35 | Build | Mill |
| 10:44 | Queue | Villager (Male) |
| 11:22 | Age | Feudal Age |
| 11:26 | Research | Man-at-Arms (upgrade) |
| 11:36 | Queue | Villager (Male) |
| 11:40 | Build | Archery Range |
| 12:02 | Build | Blacksmith |
| 12:28 | Queue | Villager (Male) |
| 12:29 | Queue | Skirmisher |
| 12:30 | Queue | Skirmisher |
| 12:30 | Queue | Skirmisher |
| 12:39 | Queue | Villager (Male) |
| 12:46 | Build | Watch Tower |
| 12:52 | Research | Fletching |
| 12:54 | Queue | Villager (Male) |
| 12:56 | Build | Farm |
| 12:57 | Build | Farm |
| 12:59 | Build | Farm |
| 13:04 | Queue | Villager (Male) |
| 13:05 | Queue | Skirmisher |
| 13:05 | Queue | Skirmisher |
| 13:07 | Queue | Villager (Male) |
| 13:07 | Queue | Villager (Male) |
| 13:07 | Queue | Villager (Male) |
| 13:23 | Queue | Militia |
| 13:24 | Queue | Militia |
| 13:24 | Queue | Militia |
| 13:32 | Build | House |
| 13:40 | Build | Farm |
| 13:43 | Build | Farm |
| 13:51 | Build | House |
| 13:57 | Queue | Skirmisher |
| 13:57 | Queue | Skirmisher |
| 14:07 | Build | Farm |
| 14:10 | Build | Farm |
| 14:11 | Build | Farm |
| 14:28 | Build | Farm |
| 14:31 | Queue | Villager (Male) |
| 14:34 | Build | Farm |
| 14:51 | Queue | Skirmisher |
| 14:51 | Queue | Skirmisher |
| 15:00 | Queue | Villager (Male) |
| 15:01 | Queue | Villager (Male) |
| 16:11 | Research | Padded Archer Armor |
| 16:34 | Queue | Villager (Male) |
| 16:34 | Queue | Villager (Male) |
| 16:53 | Queue | Militia |
| 16:54 | Queue | Militia |
| 16:54 | Queue | Militia |
| 16:54 | Queue | Militia |
| 16:59 | Build | Farm |
| 17:01 | Build | Farm |
| 17:01 | Build | Farm |
| 17:06 | Build | Farm |
| 17:24 | Queue | Villager (Male) |
| 17:39 | Queue | Villager (Male) |
| 17:39 | Queue | Villager (Male) |
| 17:39 | Queue | Villager (Male) |
| 17:42 | Queue | Archer |
| 17:44 | Build | Market |
| 17:53 | Queue | Villager (Male) |
| 17:58 | Build | Lumber Camp |
| 18:07 | Build | House |
| 18:08 | Build | House |
| 18:11 | Queue | Villager (Male) |
| 18:22 | Queue | Militia |
| 18:22 | Queue | Militia |
| 18:27 | Queue | Archer |
| 18:27 | Queue | Archer |
| 18:27 | Queue | Archer |
| 18:27 | Queue | Archer |
| 19:11 | Queue | Villager (Male) |
| 19:12 | Queue | Villager (Male) |
| 19:12 | Queue | Villager (Male) |
| 19:12 | Queue | Villager (Male) |
| 19:14 | Build | House |
| 19:15 | Build | House |
| 19:26 | Queue | Villager (Male) |
| 19:28 | Queue | Skirmisher |
| 19:29 | Queue | Skirmisher |
| 19:29 | Queue | Skirmisher |
| 19:37 | Queue | Villager (Male) |
| 19:39 | Build | Archery Range |
| 19:50 | Research | Wheelbarrow |
| 20:00 | Research | Double-Bit Axe |
| 20:03 | Build | Lumber Camp |
| 20:15 | Queue | Villager (Male) |
| 20:21 | Queue | Villager (Male) |
| 20:34 | Queue | Militia |
| 20:34 | Queue | Militia |
| 20:34 | Queue | Militia |
| 20:56 | Build | Farm |
| 21:03 | Build | House |
| 22:09 | Research | Castle Age |
| 22:09 | Research | Castle Age |
| 22:14 | Queue | Skirmisher |
| 22:14 | Queue | Skirmisher |
| 22:14 | Queue | Skirmisher |
| 22:29 | Queue | Skirmisher |
| 22:30 | Queue | Skirmisher |
| 22:30 | Queue | Skirmisher |
| 22:31 | Queue | Skirmisher |
| 22:45 | Research | Gold Mining |
| 22:45 | Research | Gold Mining |
| 23:06 | Queue | Skirmisher |
| 23:06 | Queue | Skirmisher |
Build order — a.salyers231
First 150 of 418 actions detected
| 0:02 | Queue | Villager (Male) |
| 0:03 | Build | House |
| 0:06 | Build | House |
| 0:15 | Queue | Villager (Male) |
| 0:16 | Queue | Villager (Male) |
| 0:16 | Queue | Villager (Male) |
| 1:37 | Queue | Villager (Male) |
| 1:37 | Queue | Villager (Male) |
| 1:57 | Build | Lumber Camp |
| 2:03 | Queue | Villager (Male) |
| 2:04 | Queue | Villager (Male) |
| 2:37 | Queue | Villager (Male) |
| 3:00 | Queue | Villager (Male) |
| 3:00 | Queue | Villager (Male) |
| 3:22 | Queue | Villager (Male) |
| 3:54 | Build | House |
| 3:54 | Queue | Villager (Male) |
| 3:55 | Queue | Villager (Male) |
| 3:56 | Build | House |
| 4:10 | Queue | Villager (Male) |
| 4:42 | Queue | Villager (Male) |
| 4:57 | Build | Mill |
| 4:58 | Queue | Villager (Male) |
| 5:27 | Queue | Villager (Male) |
| 5:42 | Queue | Villager (Male) |
| 6:08 | Queue | Villager (Male) |
| 6:44 | Queue | Villager (Male) |
| 7:00 | Queue | Villager (Male) |
| 7:08 | Research | Loom |
| 8:07 | Research | Feudal Age |
| 8:17 | Queue | Villager (Male) |
| 8:30 | Build | Barracks |
| 9:13 | Build | House |
| 9:50 | Build | House |
| 9:56 | Queue | Villager (Male) |
| 10:17 | Age | Feudal Age |
| 10:21 | Build | Archery Range |
| 10:23 | Queue | Villager (Male) |
| 10:23 | Research | Double-Bit Axe |
| 10:35 | Queue | Villager (Male) |
| 10:55 | Queue | Spearman |
| 10:59 | Queue | Archer |
| 11:00 | Queue | Archer |
| 11:08 | Queue | Archer |
| 11:36 | Queue | Villager (Male) |
| 11:36 | Queue | Villager (Male) |
| 11:43 | Build | Mining Camp |
| 12:45 | Queue | Villager (Male) |
| 13:04 | Queue | Archer |
| 13:05 | Queue | Villager (Male) |
| 13:17 | Build | Blacksmith |
| 13:35 | Build | Farm |
| 13:36 | Queue | Villager (Male) |
| 13:40 | Queue | Archer |
| 14:00 | Build | House |
| 14:03 | Queue | Villager (Male) |
| 14:04 | Queue | Archer |
| 14:07 | Research | Wheelbarrow |
| 14:29 | Build | House |
| 14:37 | Queue | Archer |
| 14:56 | Queue | Villager (Male) |
| 15:07 | Build | House |
| 15:25 | Queue | Villager (Male) |
| 15:27 | Queue | Archer |
| 15:40 | Research | Fletching |
| 15:42 | Build | House |
| 16:20 | Queue | Archer |
| 16:20 | Queue | Villager (Male) |
| 16:36 | Queue | Villager (Male) |
| 16:36 | Queue | Archer |
| 16:40 | Build | Farm |
| 16:41 | Build | Farm |
| 16:55 | Queue | Villager (Male) |
| 17:04 | Build | Farm |
| 17:06 | Build | Farm |
| 17:09 | Queue | Archer |
| 17:10 | Queue | Villager (Male) |
| 17:17 | Queue | Archer |
| 17:38 | Queue | Villager (Male) |
| 17:39 | Queue | Archer |
| 17:45 | Research | Padded Archer Armor |
| 17:54 | Queue | Archer |
| 17:57 | Build | Farm |
| 18:05 | Build | Mill |
| 18:08 | Queue | Villager (Male) |
| 18:57 | Queue | Villager (Male) |
| 19:31 | Queue | Villager (Male) |
| 19:50 | Build | Archery Range |
| 19:55 | Queue | Archer |
| 20:08 | Research | Castle Age |
| 20:31 | Queue | Archer |
| 20:36 | Build | House |
| 20:52 | Queue | Archer |
| 20:53 | Queue | Archer |
| 21:01 | Research | Horse Collar |
| 21:12 | Queue | Archer |
| 21:13 | Queue | Archer |
| 21:29 | Queue | Archer |
| 21:41 | Build | House |
| 21:52 | Queue | Archer |
| 22:07 | Queue | Archer |
| 22:23 | Queue | Archer |
| 22:24 | Queue | Villager (Male) |
| 22:34 | Research | Gold Mining |
| 22:48 | Age | Castle Age |
| 22:48 | Research | Bodkin Arrow |
| 22:49 | Research | Bodkin Arrow |
| 22:51 | Research | Crossbowman (upgrade) |
| 23:00 | Build | Town Center |
| 23:06 | Queue | Archer |
| 23:07 | Queue | Villager (Male) |
| 23:07 | Queue | Villager (Male) |
| 23:08 | Queue | Archer |
| 23:33 | Build | Town Center |
| 23:41 | Queue | Archer |
| 23:42 | Queue | Archer |
| 23:42 | Queue | Archer |
| 23:42 | Queue | Villager (Male) |
| 23:42 | Queue | Villager (Male) |
| 24:00 | Queue | Villager (Male) |
| 24:00 | Queue | Villager (Male) |
| 24:05 | Queue | Villager (Male) |
| 24:09 | Queue | Villager (Male) |
| 24:09 | Queue | Villager (Male) |
| 24:10 | Queue | Villager (Male) |
| 24:11 | Queue | Archer |
| 24:38 | Queue | Archer |
| 24:38 | Queue | Archer |
| 24:52 | Queue | Archer |
| 24:52 | Queue | Archer |
| 24:59 | Build | Lumber Camp |
| 25:05 | Build | Lumber Camp |
| 25:07 | Queue | Villager (Male) |
| 25:09 | Queue | Villager (Male) |
| 25:10 | Queue | Villager (Male) |
| 25:10 | Queue | Villager (Male) |
| 25:21 | Queue | Archer |
| 25:22 | Queue | Archer |
| 25:23 | Queue | Archer |
| 25:33 | Build | House |
| 25:34 | Build | House |
| 25:55 | Build | House |
| 25:59 | Research | Leather Archer Armor |
| 26:06 | Queue | Archer |
| 26:06 | Queue | Archer |
| 26:06 | Queue | Villager (Male) |
| 26:07 | Queue | Villager (Male) |
| 26:15 | Build | Mill |
| 26:22 | Queue | Archer |
| 26:23 | Queue | Archer |
Match timeline
| 4:45 | Sp Bro · first_building Barracks |
| 7:17 | Sp Bro · wall_segment Palisade Wall x1 |
| 7:19 | Sp Bro · wall_segment Palisade Wall x1 |
| 8:30 | a.salyers231 · first_building Barracks |
| 10:17 | a.salyers231 · age_up feudal |
| 10:21 | a.salyers231 · first_building Archery Range |
| 11:22 | Sp Bro · age_up feudal |
| 11:40 | Sp Bro · first_building Archery Range |
| 20:43 | Sp Bro · first_market_sell 100 wood |
| 20:47 | Sp Bro · first_market_buy 100 food |
| 22:48 | a.salyers231 · age_up castle |
| 24:49 | Sp Bro · age_up castle |
| 25:02 | Sp Bro · first_building Castle |
| 30:07 | Sp Bro · first_building Monastery |
| 32:07 | Sp Bro · first_building Siege Workshop |
| 34:13 | a.salyers231 · first_building Monastery |
| 38:06 | a.salyers231 · age_up imperial |
| 39:39 | Sp Bro · resign |
[ AI ANALYSIS · 1 CREDIT ]
What really happened in this match?
Wolo.gg analyzes every decision: build order, eco, micro, common mistakes by bracket. Personalized analysis on WhatsApp or Discord in 30 seconds.
Civ guide
Hindustanis
Perfil
Jugador #2482048